| TOP OF THE 1ST |
|
Oklahoma City 89ers batting - Pitching for Denver Bears : RHP Chris Rentz
|
|
Pitching: RHP Chris Rentz
|
|
|
Batting: RHB James Glenn
|
0-0: Ball 1-0: Foul Ball, location: 2F 1-1: Swinging Strike 1-2: Ball 2-2: Ball 3-2: SINGLE (Groundball, 25, EV 60.6 MPH) (infield hit)
|
|
Batting: RHB John Christensen
|
0-0: Ball 1-0: Ball 2-0: Foul Ball, location: 2F 2-1: Swinging Strike 2-2: Foul Ball, location: 2F 2-2: Foul Ball, location: 2F 2-2: Ball 3-2: Foul Ball, location: 2F 3-2: Base on Balls James Glenn to second
|
|
Batting: LHB Tom O'Malley
|
0-0: Called Strike James Glenn steals 3rd base John Christensen to second 0-1: Ball 1-1: Ball 2-1: SINGLE (Line Drive, 4D, EV 98.8 MPH) James Glenn scores John Christensen to third
|
|
Batting: RHB Tim Tolman
|
0-0: SINGLE (Groundball, 25, EV 68.8 MPH) (infield hit) Tom O'Malley to second
|
|
Batting: RHB Richard Howard
|
0-0: Called Strike 0-1: Ball 1-1: Swinging Strike 1-2: Ball 2-2: Strikes out swinging
|
|
Batting: RHB Nick Esasky
|
0-0: Called Strike 0-1: Fly out, F6 (Popup, 56, EV 56.3 MPH)
|
|
Batting: RHB Ron Tingley
|
0-0: Called Strike 0-1: Ball 1-1: Called Strike 1-2: Ball 2-2: Foul Ball, location: 2F 2-2: Strikes out swinging
|
| Top of the 1st over - 1 run, 3 hits, 0 errors, 3 left on base; Oklahoma City 1 - Denver 0 |
| BOTTOM OF THE 1ST |
|
Denver Bears batting - Pitching for Oklahoma City 89ers : RHP Mike Mendoza
|
|
Pitching: RHP Mike Mendoza
|
|
|
Batting: SHB Mitch Webster
|
0-0: Ball 1-0: Ball 2-0: Fly out, F9 (Flyball, 89D, EV 98.1 MPH)
|
|
Batting: RHB Victor Woods
|
0-0: Called Strike 0-1: Ball 1-1: Swinging Strike 1-2: Foul Ball, location: 2F 1-2: Foul Ball, location: 2F 1-2: Strikes out swinging
|
|
Batting: RHB George A Bell
|
0-0: Ball 1-0: Called Strike 1-1: Ball 2-1: Called Strike 2-2: Ball 3-2: Foul Ball, location: 2F 3-2: Foul Ball, location: 2F 3-2: Base on Balls
|
|
Batting: LHB Danny Heep
|
0-0: Called Strike 0-1: Foul Ball, location: 2F 0-2: SINGLE (Groundball, 4MD, EV 102.5 MPH) George A Bell to second Runner from 2nd tries for 3rd, SAFE, throw by CF made to third
|
|
Batting: RHB Adolfo Feliz
|
0-0: Foul Ball, location: 2F 0-1: Ball 1-1: Ball 2-1: Foul Ball, location: 2F 2-2: Strikes out swinging
|
| Bottom of the 1st over - 0 runs, 1 hit, 0 errors, 2 left on base; Oklahoma City 1 - Denver 0 |
| TOP OF THE 2ND |
|
Oklahoma City 89ers batting - Pitching for Denver Bears : RHP Chris Rentz
|
|
Batting: RHB Danny Jasso
|
0-0: Called Strike 0-1: SINGLE (Line Drive, 56D, EV 96.9 MPH)
|
|
Batting: RHB Robert Bailey
|
0-0: Ball 1-0: Ball 2-0: Ball 3-0: Called Strike 3-1: Foul Ball, location: 2F 3-2: Fly out, F8 (Flyball, 8RD, EV 102.5 MPH)
|
|
Batting: RHB James Glenn
|
0-0: Called Strike 0-1: Ball 1-1: Ball 2-1: Ball 3-1: Base on Balls Danny Jasso to second
|
|
Batting: RHB John Christensen
|
0-0: Swinging Strike 0-1: Ball 1-1: Foul Ball, location: 2F 1-2: Strikes out swinging
|
|
Batting: LHB Tom O'Malley
|
0-0: Ball 1-0: Called Strike 1-1: Fly out, F8 (Line Drive, 8LD, EV 96.3 MPH)
|
| Top of the 2nd over - 0 runs, 1 hit, 0 errors, 2 left on base; Oklahoma City 1 - Denver 0 |
| BOTTOM OF THE 2ND |
|
Denver Bears batting - Pitching for Oklahoma City 89ers : RHP Mike Mendoza
|
|
Batting: LHB Armando Ortiz
|
0-0: Swinging Strike 0-1: Ball 1-1: Ball 2-1: SINGLE (Groundball, 34D, EV 96.9 MPH)
|
|
Batting: RHB Raymond Borucki
|
0-0: Ball 1-0: Ball 2-0: Called Strike 2-1: Ground out 5-3 (Groundball, 56S, EV 72.5 MPH) Armando Ortiz to second
|
|
Batting: RHB Frank Lucy
|
0-0: Ground out 5-3 (Groundball, 5, EV 84.4 MPH)
|
|
Batting: RHB Gomez Barahona
|
0-0: Foul Ball, location: 2F 0-1: Ground out 6-3 (Groundball, 6, EV 103.1 MPH)
|
| Bottom of the 2nd over - 0 runs, 1 hit, 0 errors, 1 left on base; Oklahoma City 1 - Denver 0 |
| TOP OF THE 3RD |
|
Oklahoma City 89ers batting - Pitching for Denver Bears : RHP Chris Rentz
|
|
Batting: RHB Tim Tolman
|
0-0: Ball 1-0: Foul Ball, location: 2F 1-1: Called Strike 1-2: Ball 2-2: Foul Ball, location: 2F 2-2: Ball 3-2: Foul Ball, location: 2F 3-2: Ground out 6-3 (Groundball, 6, EV 81.9 MPH)
|
|
Batting: RHB Richard Howard
|
0-0: Called Strike 0-1: Foul Ball, location: 2F 0-2: Foul Ball, location: 2F 0-2: Ball 1-2: Foul Ball, location: 2F 1-2: Ball 2-2: Foul Ball, location: 2F 2-2: Ball 3-2: Ground out 1-3 (Groundball, 15, EV 70.0 MPH)
|
|
Batting: RHB Nick Esasky
|
0-0: Called Strike 0-1: Foul Ball, location: 2F 0-2: Ball 1-2: Strikes out swinging
|
| Top of the 3rd over - 0 runs, 0 hits, 0 errors, 0 left on base; Oklahoma City 1 - Denver 0 |
| BOTTOM OF THE 3RD |
|
Denver Bears batting - Pitching for Oklahoma City 89ers : RHP Mike Mendoza
|
|
Batting: SHB Mitch Webster
|
0-0: Ball 1-0: Ball 2-0: Ball 3-0: Base on Balls
|
|
Batting: RHB Victor Woods
|
0-0: Swinging Strike 0-1: Called Strike 0-2: Strikes out swinging
|
|
Batting: RHB George A Bell
|
0-0: Ball 1-0: Called Strike 1-1: Ball 2-1: Ball 3-1: TRIPLE (Flyball, 89XD, EV 109.4 MPH) Mitch Webster scores
|
|
Batting: LHB Danny Heep
|
0-0: Foul Ball, location: 2F 0-1: Foul Ball, location: 2F 0-2: Ground out 4-3 (Groundball, 4, EV 94.4 MPH) George A Bell scores
|
|
Batting: RHB Adolfo Feliz
|
0-0: Ball 1-0: Ball 2-0: Called Strike 2-1: Swinging Strike 2-2: Ball 3-2: Foul Ball, location: 2F 3-2: Ground out 5-3 (Groundball, 56, EV 85.0 MPH)
|
| Bottom of the 3rd over - 2 runs, 1 hit, 0 errors, 0 left on base; Oklahoma City 1 - Denver 2 |
| TOP OF THE 4TH |
|
Oklahoma City 89ers batting - Pitching for Denver Bears : RHP Chris Rentz
|
|
Batting: RHB Ron Tingley
|
0-0: Ball 1-0: Swinging Strike 1-1: Ball 2-1: Fly out, F7 (Line Drive, 7, EV 93.1 MPH)
|
|
Batting: RHB Danny Jasso
|
0-0: Foul Ball, location: 2F 0-1: Fly out, F8 (Flyball, 8LD, EV 81.3 MPH)
|
|
Batting: RHB Robert Bailey
|
0-0: Called Strike 0-1: Called Strike 0-2: Strikes out swinging
|
| Top of the 4th over - 0 runs, 0 hits, 0 errors, 0 left on base; Oklahoma City 1 - Denver 2 |
| BOTTOM OF THE 4TH |
|
Denver Bears batting - Pitching for Oklahoma City 89ers : RHP Mike Mendoza
|
|
Batting: LHB Armando Ortiz
|
0-0: Called Strike 0-1: Foul Ball, location: 2F 0-2: Ground out U3 (Groundball, 34S, EV 86.3 MPH)
|
|
Batting: RHB Raymond Borucki
|
0-0: Ball 1-0: Ball 2-0: Ground out 5-3 (Groundball, 56S, EV 61.9 MPH)
|
|
Batting: RHB Frank Lucy
|
0-0: Ball 1-0: Foul Ball, location: 2F 1-1: Foul Ball, location: 2F 1-2: Strikes out swinging
|
| Bottom of the 4th over - 0 runs, 0 hits, 0 errors, 0 left on base; Oklahoma City 1 - Denver 2 |
| TOP OF THE 5TH |
|
Oklahoma City 89ers batting - Pitching for Denver Bears : RHP Chris Rentz
|
|
Batting: RHB James Glenn
|
0-0: Called Strike 0-1: Foul Ball, location: 2F 0-2: Reached on error, E4 (Groundball, 4MS, EV 91.9 MPH)
|
|
Batting: RHB John Christensen
|
0-0: Ball 1-0: Ball 2-0: Called Strike 2-1: Ground out 4-3 (Groundball, 34, EV 107.5 MPH) James Glenn to second
|
|
Batting: LHB Tom O'Malley
|
0-0: Foul Ball, location: 2F 0-1: Ground out 4-3 (Groundball, 4M, EV 103.1 MPH) James Glenn to third
|
|
Batting: RHB Tim Tolman
|
0-0: Called Strike 0-1: Fly out, F8 (Line Drive, 8LD, EV 96.9 MPH)
|
| Top of the 5th over - 0 runs, 0 hits, 1 error, 1 left on base; Oklahoma City 1 - Denver 2 |
| BOTTOM OF THE 5TH |
|
Denver Bears batting - Pitching for Oklahoma City 89ers : RHP Mike Mendoza
|
|
Batting: RHB Gomez Barahona
|
0-0: Fly out, F9 (Line Drive, 9, EV 86.3 MPH)
|
|
Batting: SHB Mitch Webster
|
0-0: Swinging Strike 0-1: Ball 1-1: Swinging Strike 1-2: Strikes out swinging passed ball, reaches first!
|
|
Batting: RHB Victor Woods
|
Pickoff Throw to First - Error! E1 Mitch Webster to second 0-0: Swinging Strike 0-1: Ball 1-1: Ball 2-1: Called Strike 2-2: Foul Ball, location: 2F 2-2: Hit by Pitch
|
|
Batting: RHB George A Bell
|
0-0: Called Strike Mitch Webster steals 3rd base (no throw) Victor Woods to second 0-1: Ball 1-1: Fly out, F8 (Line Drive, 8LD, EV 91.9 MPH) Runner from 3rd tags up, SCORES, no throw by CF
|
|
Batting: LHB Danny Heep
|
0-0: Intentional Walk
|
|
Batting: RHB Adolfo Feliz
|
0-0: Foul Ball, location: 2F 0-1: Swinging Strike 0-2: Ball 1-2: Fly out, F7 (Flyball, 7LS, EV 81.3 MPH)
|
| Bottom of the 5th over - 1 run, 0 hits, 1 error, 2 left on base; Oklahoma City 1 - Denver 3 |
| TOP OF THE 6TH |
|
Oklahoma City 89ers batting - Pitching for Denver Bears : RHP Chris Rentz
|
|
Batting: RHB Richard Howard
|
0-0: Ball 1-0: Foul Ball, location: 2F 1-1: Foul Ball, location: 2F 1-2: Foul Ball, location: 2F 1-2: Foul Ball, location: 2F 1-2: Strikes out swinging, 2-3 out at first.
|
|
Batting: RHB Nick Esasky
|
0-0: Foul Ball, location: 2F 0-1: Ball 1-1: Ball 2-1: Foul Ball, location: 2F 2-2: Ball 3-2: Foul Ball, location: 2F 3-2: Base on Balls
|
|
Pitching: RHP Eric Show
|
|
|
Batting: RHB Ron Tingley
|
0-0: Ball Nick Esasky steals 2nd base 1-0: Swinging Strike 1-1: Ball 2-1: Hit by Pitch
|
|
Batting: RHB Danny Jasso
|
0-0: Fly out, F3 (Flyball, 34D, EV 84.4 MPH)
|
|
Batting: RHB Robert Bailey
|
0-0: Ball 1-0: Called Strike 1-1: Ball 2-1: Ball 3-1: Fly out, F4 (Popup, 4, EV 62.5 MPH)
|
| Top of the 6th over - 0 runs, 0 hits, 0 errors, 2 left on base; Oklahoma City 1 - Denver 3 |
| BOTTOM OF THE 6TH |
|
Denver Bears batting - Pitching for Oklahoma City 89ers : RHP Mike Mendoza
|
|
Batting: LHB Armando Ortiz
|
0-0: Fly out, F5 (Popup, 6S, EV 78.8 MPH)
|
|
Batting: RHB Raymond Borucki
|
0-0: Swinging Strike 0-1: Called Strike 0-2: Ball 1-2: Ball 2-2: Foul Ball, location: 2F 2-2: Ground out 6-3 (Groundball, 6, EV 76.3 MPH)
|
|
Batting: RHB Frank Lucy
|
0-0: Called Strike 0-1: Foul Ball, location: 2F 0-2: Foul Ball, location: 2F 0-2: Ball 1-2: Fly out, F9 (Flyball, 9, EV 91.3 MPH)
|
| Bottom of the 6th over - 0 runs, 0 hits, 0 errors, 0 left on base; Oklahoma City 1 - Denver 3 |
| TOP OF THE 7TH |
|
Oklahoma City 89ers batting - Pitching for Denver Bears : RHP Eric Show
|
|
Batting: RHB James Glenn
|
0-0: Foul Ball, location: 2F 0-1: Ball 1-1: Called Strike 1-2: Foul Ball, location: 2F 1-2: Foul Ball, location: 2F 1-2: Ground out 6-3 (Groundball, 6, EV 85.6 MPH)
|
|
Batting: RHB John Christensen
|
0-0: Foul Ball, location: 2F 0-1: Foul Ball, location: 2F 0-2: Ball 1-2: Foul Ball, location: 2F 1-2: Strikes out swinging
|
|
Batting: LHB Tom O'Malley
|
0-0: Ball 1-0: Called Strike 1-1: Ground out 4-3 (Groundball, 34D, EV 88.1 MPH)
|
| Top of the 7th over - 0 runs, 0 hits, 0 errors, 0 left on base; Oklahoma City 1 - Denver 3 |
| BOTTOM OF THE 7TH |
|
Denver Bears batting - Pitching for Oklahoma City 89ers : RHP Mike Mendoza
|
|
Batting: RHB Gomez Barahona
|
0-0: Ball 1-0: Fly out, F9 (Flyball, 9D, EV 93.1 MPH)
|
|
Batting: SHB Mitch Webster
|
0-0: Swinging Strike 0-1: Ball 1-1: SINGLE (Line Drive, 6MD, EV 107.5 MPH)
|
|
Batting: RHB Victor Woods
|
0-0: Swinging Strike 0-1: Ball 1-1: Called Strike Mitch Webster steals 2nd base 1-2: Foul Ball, location: 2F 1-2: Ball 2-2: Ball 3-2: Reached on error, E3 (Groundball, 3D, EV 80.0 MPH) Mitch Webster to third
|
|
Batting: RHB George A Bell
|
0-0: Ball 1-0: Called Strike 1-1: Foul Ball, location: 2F 1-2: Foul Ball, location: 2F 1-2: SINGLE (Groundball, 6D, EV 98.8 MPH) Mitch Webster scores Victor Woods to second Runner from 2nd tries for 3rd, SAFE, no throw by LF
|
|
Batting: LHB Danny Heep
|
0-0: Ball 1-0: Ball 2-0: Called Strike 2-1: Ball 3-1: Called Strike 3-2: SINGLE (Flyball, 5D, EV 87.5 MPH) Victor Woods scores George A Bell to second George A Bell to third
|
|
Pitching: RHP Gilberto Mendoza
|
|
|
Batting: RHB Adolfo Feliz
|
0-0: Ball 1-0: Foul Ball, location: 2F 1-1: Foul Ball, location: 2F 1-2: Ground out 5-3 (Groundball, 56S, EV 64.4 MPH) Danny Heep to second
|
|
Batting: LHB Armando Ortiz
|
0-0: Intentional Walk
|
|
Batting: RHB Raymond Borucki
|
0-0: Called Strike 0-1: Ball 1-1: Foul Ball, location: 2F 1-2: Fly out, F8 (Line Drive, 8LM, EV 111.3 MPH)
|
| Bottom of the 7th over - 2 runs, 3 hits, 1 error, 3 left on base; Oklahoma City 1 - Denver 5 |
| TOP OF THE 8TH |
|
Oklahoma City 89ers batting - Pitching for Denver Bears : RHP Eric Show
|
|
Batting: RHB Tim Tolman
|
0-0: Called Strike 0-1: Foul Ball, location: 2F 0-2: Ball 1-2: Ball 2-2: Ball 3-2: SINGLE (Groundball, 34D, EV 103.1 MPH)
|
|
Batting: RHB Richard Howard
|
0-0: Foul Ball, location: 2F 0-1: Ball 1-1: Fly out, F4 (Flyball, 3D, EV 86.3 MPH)
|
|
Batting: RHB Nick Esasky
|
0-0: Foul Ball, location: 2F 0-1: Ball 1-1: Called Strike 1-2: Ball 2-2: Fly out, F9 (Flyball, 9S, EV 83.8 MPH)
|
|
Batting: RHB Ron Tingley
|
0-0: Ball 1-0: Swinging Strike 1-1: Ball 2-1: Foul Ball, location: 2F 2-2: Foul Ball, location: 2F 2-2: Ground out 4-3 (Groundball, 4MD, EV 104.4 MPH)
|
| Top of the 8th over - 0 runs, 1 hit, 0 errors, 1 left on base; Oklahoma City 1 - Denver 5 |
| BOTTOM OF THE 8TH |
|
Denver Bears batting - Pitching for Oklahoma City 89ers : RHP Gilberto Mendoza
|
|
Batting: RHB Frank Lucy
|
0-0: Called Strike 0-1: Reached on error, E6 (Groundball, 6MS, EV 65.6 MPH)
|
|
Batting: RHB Gomez Barahona
|
0-0: Swinging Strike 0-1: Foul Ball, location: 2F 0-2: Ball 1-2: Ball 2-2: Foul Ball, location: 2F 2-2: Foul Ball, location: 2F 2-2: Foul Ball, location: 2F 2-2: Fly out, F4 (Line Drive, 4, EV 62.5 MPH)
|
|
Batting: SHB Mitch Webster
|
0-0: Intentional Walk
|
|
Batting: RHB Victor Woods
|
0-0: Called Strike 0-1: Ball 1-1: Swinging Strike 1-2: Ball 2-2: Foul Ball, location: 2F 2-2: Foul Ball, location: 2F 2-2: Strikes out swinging
|
|
Batting: RHB George A Bell
|
0-0: Foul Ball, location: 2F 0-1: SINGLE (Popup, 4MD, EV 48.1 MPH) Frank Lucy to third Mitch Webster to second Runner from 3rd tries for Home, SAFE, throw by 2B to home
|
|
Batting: LHB Danny Heep
|
0-0: Ball 1-0: Ball 2-0: Swinging Strike 2-1: Ball 3-1: Fielders Choice at 2nd, 6-4 (Groundball, 6, EV 107.5 MPH)
|
| Bottom of the 8th over - 1 run, 1 hit, 1 error, 2 left on base; Oklahoma City 1 - Denver 6 |
| TOP OF THE 9TH |
|
Oklahoma City 89ers batting - Pitching for Denver Bears : RHP Eric Show
|
|
Batting: RHB Danny Jasso
|
0-0: Ball 1-0: Ball 2-0: SINGLE (Groundball, 4MD, EV 97.5 MPH) (infield hit)
|
|
Batting: RHB Robert Bailey
|
0-0: SINGLE (Line Drive, 34D, EV 98.8 MPH) Danny Jasso to second
|
|
Batting: RHB James Glenn
|
0-0: Called Strike 0-1: Ball 1-1: Swinging Strike 1-2: Strikes out swinging
|
|
Batting: RHB John Christensen
|
0-0: Ball 1-0: Ball 2-0: Fly out, F8 (Line Drive, 8LM, EV 93.8 MPH)
|
|
Batting: LHB Tom O'Malley
|
0-0: Called Strike 0-1: Ball 1-1: Foul Ball, location: 2F 1-2: Ball 2-2: Ball 3-2: Foul Ball, location: 2F 3-2: Fly out, F7 (Flyball, 7S, EV 72.5 MPH)
|
| Top of the 9th over - 0 runs, 2 hits, 0 errors, 2 left on base; Oklahoma City 1 - Denver 6 |
|